 Dungeon Crawl Stone Soup version 0.31.0-12-g77e489cdc1 (webtiles) character file.

Game seed: 15200937440784502322

177 melchizedek the Magician (level 5, -4/35 HPs)
             Began as a Mummy Necromancer on Feb 23, 2024.
             Slain by a mummy (19 damage)
             ... on level 4 of the Dungeon.
             The game lasted 00:12:24 (3400 turns).

melchizedek the Magician (Mummy Necromancer)        Turns: 3400, Time: 00:12:25

Health: -4/35      AC:  2    Str: 11    XL:     5   Next: 31%
Magic:  13/13      EV: 12    Int: 16    God:
Gold:   208        SH:  0    Dex: 13    Spells: 9/15 levels left

rFire   x . .        i - +0 spear
rCold   + . .        (no shield)
rNeg    + + +        a - +0 robe
rPois   ∞            (no helmet)
rElec   .            (no cloak)
rCorr   .            (no gloves)
SInv    .            (no boots)
Will    .....        h - amulet of magic regeneration
Stlth   ++           (no ring)
HPRegen 0.25/turn    (no ring)
MPRegen 0.53/turn

%: faith
@: no status effects
A: cold resistance 1, negative energy resistance 3, torment resistance 2, heat
vulnerability 1, in touch with death 1, no potions, faith
a: no special abilities


You were on level 4 of the Dungeon.
You visited 1 branch of the dungeon, and saw 4 of its levels.

You collected 208 gold pieces.

Inventory:

Hand Weapons
 f - a +0 short sword
 i - a +0 spear (weapon)
Missiles
 g - 8 poisoned darts
 p - 4 stones
Armour
 a - a +0 robe (worn)
 e - the +0 chain mail "Ishruzan" {Str+5 Dex+3}
   (You found it on level 2 of the Dungeon)

   Str+5:     It affects your strength (+5).
   Dex+3:     It affects your dexterity (+3).
Jewellery
 h - an amulet of magic regeneration (around neck)
Wands
 o - a wand of polymorph (11)
Scrolls
 b - a scroll of fog {unknown}
 c - 3 scrolls of identify {unknown}
 d - a scroll of blinking {unknown}
 j - a scroll of enchant armour {unknown}
 k - a scroll of silence {unknown}
 l - a scroll of enchant weapon {unknown}
 m - a scroll of butterflies {unknown}
 n - a scroll of amnesia {unknown}


   Skills:
 + Level 0.1 Fighting
 + Level 0.1 Polearms
 - Level 1.5 Dodging
 - Level 1.6 Stealth
 * Level 5.5 Spellcasting
 + Level 5.1 Necromancy


You had 9 spell levels left.
You knew the following spells:

 Your Spells              Type           Power      Damage    Failure   Level
a - Necrotise             Necr           100%       1d9       1%          1
b - Magic Dart            Conj           16%        1d3       14%         1
c - Blink                 Tloc           8%         N/A       22%         2
d - Call Imp              Summ           8%         N/A       22%         2

Your spell library contained the following spells:

 Spells                   Type           Power      Damage    Failure   Level
 Vampiric Draining        Necr           31%        2d8       5%          3
 Animate Dead             Necr           31%        N/A       17%         4
 Curse of Agony           Necr           31%        N/A       43%         5


Dungeon Overview and Level Annotations

Branches:
Dungeon (4/15)
 Temple: D:4-7

Altars:
Wu Jian

Portals:
Ossuary: D:4

Annotations:
D:3 1 exclusion
D:4 Natasha


Innate Abilities, Weirdness & Mutations

You are immune to poison.
Your flesh is cold resistant. (rC+)
You are immune to negative energy. (rN+++)
You are immune to unholy pain and torment.
You are vulnerable to heat. (rF-)
You are in touch with the powers of death.
You do not drink.
You have a special connection with the divine. (Faith)


Message History

You open the door.
A mummy comes into view.
Found a sand-covered staircase.
You can't see any susceptible monsters within range! (Use Z to cast anyway.) Reach: i) +0 spear
Press: ? - help, Dir - move target, f - mummy
Aim: a mummy (about 26% to evade your +0 spear)
You reach to attack!
You hit the mummy.
The mummy is moderately damaged.
You hit the mummy. You punch the mummy.
The mummy is heavily damaged.
You hear the slow hiss of an avalanche of sand.
You hit the mummy but do no damage.
The mummy is heavily damaged.
The mummy closely misses you.
You hit the mummy.
The mummy is severely damaged.
You hit the mummy.
The mummy is severely damaged.
The mummy barely misses you.
You hit the mummy but do no damage.
The mummy is severely damaged.
The mummy hits you!
You hit the mummy but do no damage.
The mummy is severely damaged.
You hit the mummy but do no damage.
The mummy is severely damaged.
The mummy hits you!!
Ouch! That really hurt!
* * * LOW HITPOINT WARNING * * *
You are too injured to fight recklessly!
You are too injured to fight recklessly!
The mummy attacks as it pursues you! The mummy hits you but does no damage.
You are too injured to fight recklessly!
You see here a +0 ring mail.
Natasha, Servant of Life and Death comes into view.
You hear the slow hiss of an avalanche of sand very nearby.
The mummy attacks as it pursues you! The mummy hits you!!
Ouch! That really hurt!
You die...

#.# #.# #.# #.# #.# #.#
#.# .#
#######.#######B##
+......M@........
###.###......†..
##.######....#. #
##...# #....#
#.####..#..####....#
#......###....<....+
#.#####..##∩##..##....#
#.......##...##..!....#
#####..## ....##......#


You could see a mummy and a giant cockroach (asleep).

Vanquished Creatures
  2 bombardier beetles
  Natasha (D:4)
  4 adders (D:2)
  A dart slug (D:1)
  2 ribbon worms (D:2)
  An orc (D:3)
  7 bats (D:1)
  An endoplasm (D:2)
  2 giant cockroaches (D:1)
  5 goblins
  5 hobgoblins
  7 ball pythons
  3 frilled lizards
  4 kobolds
  2 rats
47 creatures vanquished.

Vanquished Creatures (collateral kills)
  A goblin (D:1)
  A kobold (D:2)
2 creatures vanquished.

Grand Total: 49 creatures vanquished

Notes
Turn   | Place    | Note
-------+----------+-------------------------------------------
     0 | D:1      | melchizedek the Mummy Necromancer began the quest for the
                  | Orb.
     0 | D:1      | Reached XP level 1. HP: 13/13 MP: 4/4
   463 | D:1      | Reached XP level 2. HP: 19/19 MP: 0/5
  1265 | D:2      | Identified the +0 chain mail "Ishruzan" {Str+5 Dex+3}
  1296 | D:2      | Reached XP level 3. HP: 24/24 MP: 1/7
  1641 | D:2      | Learned a level 1 spell: Magic Dart
  1644 | D:2      | Learned a level 2 spell: Blink
  1647 | D:2      | Learned a level 2 spell: Call Imp
  2065 | D:2      | Reached skill level 5 in Necromancy
  2065 | D:2      | Reached XP level 4. HP: 30/30 MP: 6/10
  3114 | D:3      | Found an ornate altar of the Wu Jian Council.
  3121 | D:3      | Noticed a spectral centipede
  3121 | D:3      | Noticed a spectral black mamba
  3121 | D:3      | Noticed a spectral cane toad
  3298 | D:4      | Reached skill level 5 in Spellcasting
  3298 | D:4      | Reached XP level 5. HP: 35/35 MP: 8/12
  3324 | D:4      | Noticed Natasha
  3328 | D:4      | Killed Natasha
  3339 | D:4      | Found a sand-covered staircase.
  3390 | D:4      | Noticed Natasha
  3400 | D:4      | Slain by a mummy

Illustrated notes

Levels and vault maps discovered:
D:1:      lightli_arrival_statue_moat, layout_loops_corners
D:2:      layout_basic, serial_bayou, serial_bayou_lake_a, serial_bayou_pond_c,
          serial_bayou_pond_a, serial_bayou_shore_b, minmay_pentomino_p4
D:3:      layout_loops_corners, pdpol_wu_jian_five_deadly_venoms,
          hellmonk_ecumenical_altar_lost_god,
          hangedman_abyss_or_decor_lesser_grid, minmay_door_square,
          nicolae_wormholes
D:4:      black_bear_nest_1, layout_basic, gup_ossuary_entry_pyramid,
          uniq_natasha

Skill      XL: |  1  2  3  4 |
---------------+-------------+-----
Spellcasting   | 3 4 5 |  5.5
Necromancy     | 5 |  5.1
Fighting       | |  0.1
Polearms       | |  0.1
Dodging        | |  1.5
Stealth        | |  1.6

Action                     |  1- 3 |  4- 6 || total
---------------------------+-------+-------++-------
  Melee: Spear             |    12 |    10 ||    22
         Unarmed           |     6 |       ||     6
         Punch             |     1 |     1 ||     2
   Cast: Necrotise         |    70 |    24 ||    94
         Magic Dart        |     5 |       ||     5
         Call Imp          |     1 |       ||     1
 Armour: Robe              |    17 |     7 ||    24
  Dodge: Dodged            |    24 |     7 ||    31
